 Dungeon Crawl Stone Soup version 0.27.0-1-g7a089689b8 (webtiles) character file.

Game seed: 12214910817116033817

12559 Leibowitz the Covert (level 12, -3/77 HPs)
             Began as a Kobold Gladiator on Aug 7, 2021.
             Was a High Priest of Trog.
             Slain by an eight-headed hydra (8 damage)
             ... on level 9 of the Dungeon.
             The game lasted 00:28:00 (10243 turns).

Leibowitz the Covert (Kobold Gladiator)            Turns: 10243, Time: 00:28:02

Health: -3/77      AC:  6    Str: 11    XL:     12   Next: 21%
Magic:  12/12      EV: 26    Int: 17    God:    Trog [*****.]
Gold:   393        SH:  0    Dex: 24    Spells: 11/11 levels left

rFire    . . .     SeeInvis .   o - +1 dagger (elec)
rCold    . . .     Faith    .   (shield restricted)
rNeg     . . .     Spirit   .   P - +2 robe {Will+}
rPois    .         Reflect  .   c - +0 helmet
rElec    +         Harm     .   (no cloak)
rCorr    .         Rampage  .   I - +2 pair of gloves "Vifokh" {Int+4}
Will     +....                  m - +1 pair of boots
Stlth    +++++++...             C - amulet of the acrobat
HPRegen  0.22/turn              g - +6 ring of dexterity
MPRegen  0.13/turn              A - ring "Heceifui" {rElec AC+4 Int+2 Dex-2}

@: about to teleport, corroded, on berserk cooldown, slowed, studying Polearms,
very slow
A: small, no large weapons, nightstalker 3
a: Renounce Religion, Berserk, Trog's Hand, Brothers in Arms


You were on level 9 of the Dungeon.
You worshipped Trog.
Trog was extremely pleased with you.
You visited 3 branches of the dungeon, and saw 11 of its levels.

You collected 659 gold pieces.
You spent 266 gold pieces at shops.

Inventory:

Hand Weapons
 a - a +1 vampiric rapier
 b - a +1 dagger of flaming
 o - a +1 dagger of electrocution (weapon)
 D - a +0 rapier
 H - a +2 war axe of flaming
 J - a +4 scimitar of flaming
Missiles
 d - 3 throwing nets (quivered)
 K - 8 curare-tipped darts
 L - 3 atropa-tipped darts
Armour
 c - a +0 helmet (worn)
 m - a +1 pair of boots (worn)
 I - the +2 pair of gloves "Vifokh" (worn) {Int+4}
   (You bought it in a shop on level 2 of the Dungeon)

   Int:       It affects your intelligence (+4).
 P - a +2 robe of willpower (worn)
Jewellery
 g - a +6 ring of dexterity (left hand)
 n - a +4 ring of evasion
 A - the ring "Heceifui" (right hand) {rElec AC+4 Int+2 Dex-2}
   (You found it on level 5 of the Dungeon)

   [ring of protection]

   AC:        It affects your AC (+4).
   Int:       It affects your intelligence (+2).
   Dex:       It affects your dexterity (-2).
   rElec:     It insulates you from electricity.
 C - an amulet of the acrobat (around neck)
 M - a ring of magical power
Wands
 u - a wand of polymorph (4)
 w - a wand of flame (43)
 F - a wand of acid (11)
Scrolls
 e - 7 scrolls of amnesia
 f - 2 scrolls of noise {unknown}
 j - 16 scrolls of identify {unknown}
 l - 3 scrolls of enchant armour {unknown}
 p - 4 scrolls of teleportation
 s - 4 scrolls of magic mapping {unknown}
 t - a scroll of immolation {unknown}
 v - 2 scrolls of blinking {unknown}
 y - a scroll of holy word {unknown}
 G - a scroll of enchant weapon {unknown}
 N - a scroll of torment {unknown}
 O - a scroll of fog {unknown}
Potions
 h - 2 potions of magic {unknown}
 i - 2 potions of flight {unknown}
 k - 7 potions of curing {unknown}
 q - a potion of heal wounds {unknown}
 r - 2 potions of might
 x - a potion of mutation {unknown}
 z - 2 potions of brilliance {unknown}
 B - a potion of resistance {unknown}
 E - a potion of ambrosia {unknown}
 Q - a potion of haste
 R - a potion of invisibility {unknown}


   Skills:
 * Level 9.6 Fighting
 + Level 11.4 Short Blades
 - Level 2.4 Throwing
 + Level 4.1 Armour
 * Level 12.0 Dodging
 + Level 12.7 Stealth
 + Level 0.3 Unarmed Combat


You had 11 spell levels left.
You didn't know any spells.
Your spell library was empty.

Dungeon Overview and Level Annotations

Branches:
Dungeon (9/15)             Temple (1/1) D:7            Lair (1/6) D:8
    Orc: D:9-12

Altars:
Cheibriados
Dithmenos
Gozag
Nemelex Xobeh
Qazlal
Sif Muna
Trog
Uskayaw
Vehumet

Shops:
D:2 [   D:9 :[!!

Annotations:
D:6 Prince Ribbit


Innate Abilities, Weirdness & Mutations

You are small and have problems with some larger weapons.
You are completely attuned to the shadows.


Message History

The slime creature completely misses you.
You see here a +1 short sword of holy wrath.
Aiming: Polymorph
Press: ? - help, Shift-Dir - straight line, f - eight-headed hydra
Aim: an eight-headed hydra (will become a quicksilver ooze, an alligator, or an ettin, chance to affect: 15%)
Okay, then.
Unknown command.
As you read the scroll labelled NUSENG QIGHAA, it crumbles to dust.
It is a scroll of amnesia.
You feel forgetful for a moment.
The eight-headed hydra completely misses you. x2
The eight-headed hydra misses you. The eight-headed hydra bites you.
The eight-headed hydra completely misses you.
The eight-headed hydra bites you but does no damage.
The eight-headed hydra completely misses you.
The eight-headed hydra barely misses you.
The howler monkey zombie misses you.
The slime creature completely misses you.
A slime creature comes into view.
The eight-headed hydra misses you.
The eight-headed hydra closely misses you.
The eight-headed hydra misses you.
The eight-headed hydra completely misses you.
The eight-headed hydra barely misses you. x2
The eight-headed hydra bites you but does no damage.
The eight-headed hydra completely misses you.
The howler monkey zombie completely misses you.
As you read the scroll labelled SAGEER ITZITZ, it crumbles to dust.
You feel strangely unstable.
It was a scroll of teleportation.
The slime creature closely misses you. The eight-headed hydra bites you.
The eight-headed hydra bites you!
* * * LOW HITPOINT WARNING * * *
The eight-headed hydra completely misses you.
The eight-headed hydra closely misses you.
The eight-headed hydra bites you but does no damage.
The eight-headed hydra closely misses you.
The eight-headed hydra bites you!
* * * LOW HITPOINT WARNING * * *
The eight-headed hydra bites you!
You die...

....#######..# ####..#######....
....#..#..#..# .#..#.)#..#....
.......#...... ........#.......
......###..... #......###......
.###).....###.......###......###.
..#........# ...J.. #........#..
..#..#..#..# #9).# #..#..#..#..
######..#### #ZJ.#######..######
.[#..#..#..#..#.@.#..#[.#..#..#..
..#.)......#....D....#........#..
.###......###.......###(....†###.
......###......###.†....###......
.......#....... #........#.......
....#..#..#..# #..#..#..#..#....
....#######..#######..#######....
....#..#..#..#..#..#..#..#..#....
.......#........#..).....#.......


You could see an eight-headed hydra, 2 slime creatures, a gargoyle and a howler
monkey zombie.

Vanquished Creatures
  A hydra (Lair:1)
  Erolcha (D:9)
  Erica (D:8)
  3 centaur zombies
  A cyclops (D:9)
  Maggie (D:8)
  A komodo dragon (Lair:1)
  A troll (D:9)
  2 hornets (D:9)
  Grinder (D:3)
  Sigmund (D:2)
  19 yaks
  3 wyverns
  A steam dragon (D:9)
  Menkaure (D:6)
  2 acid dragons (D:9)
  2 water moccasins
  4 orc warriors
  4 ice beasts
  3 black bears
  A sky beast (D:6)
  4 ogres
  7 centaurs
  2 kobold brigands
  2 bullfrogs (Lair:1)
  3 gnoll sergeants
  A wyvern zombie (D:9)
  A scorpion (D:5)
  A water moccasin skeleton (D:4)
  5 killer bees
  9 wights
  6 howler monkeys
  A bullfrog zombie (D:6)
  A jelly (D:7)
  A centaur skeleton (D:7)
  3 orc priests
  3 hounds (D:5)
  A bullfrog skeleton (D:5)
  Jessica (D:2)
  5 iguanas
  Natasha (thrice) (D:2)
  5 orc wizards
  Ijyb (D:3)
  A killer bee zombie (D:6)
  A hound zombie (D:5)
  2 howler monkey zombies
  7 adders
  14 gnolls
  A shadow imp (D:7)
  A white imp (D:6)
  An ufetubus (D:4)
  4 worms
  4 dart slugs
  28 orcs
  4 endoplasms
  6 giant cockroaches
  9 goblins
  13 hobgoblins
  12 jackals
  8 kobolds
  5 quokkas
  8 ball pythons
  8 bats
  4 frilled lizards
  10 rats
271 creatures vanquished.

Vanquished Creatures (others)
  A fungus (Lair:1)
  A plant (D:8)
2 creatures vanquished.

Grand Total: 273 creatures vanquished

Notes
Turn   | Place    | Note
-------+----------+-------------------------------------------
     0 | D:1      | Leibowitz the Kobold Gladiator began the quest for the Orb.
     0 | D:1      | Reached XP level 1. HP: 12/12 MP: 1/1
   131 | D:1      | Reached XP level 2. HP: 15/18 MP: 2/2
   400 | D:1      | Found a faded altar of an unknown god.
   405 | D:1      | Became a worshipper of Trog the Wrathful
   405 | D:1      | Reached * piety under Trog
   570 | D:1      | You fall into a shaft and drop 1 floor!
   571 | D:2      | Noticed Jessica
   571 | D:2      | Noticed Sigmund
   577 | D:2      | Killed Sigmund
   578 | D:2      | Reached skill level 5 in Short Blades
   578 | D:2      | Reached skill level 1 in Armour
   578 | D:2      | Reached skill level 5 in Dodging
   578 | D:2      | Reached skill level 1 in Stealth
   578 | D:2      | Reached XP level 3. HP: 23/23 MP: 3/3
   578 | D:2      | Reached XP level 4. HP: 28/28 MP: 4/4
   578 | D:2      | Reached XP level 5. HP: 32/32 MP: 5/5
   578 | D:2      | Killed Jessica
   579 | D:2      | Reached XP level 6. HP: 37/37 MP: 6/6
   769 | D:1      | Reached ** piety under Trog
  1351 | D:2      | Found Kuas's Antique Armour Emporium.
  1565 | D:2      | Noticed Natasha
  1569 | D:2      | Killed Natasha
  1787 | D:2      | Noticed Natasha
  1791 | D:2      | Killed Natasha
  1940 | D:2      | Noticed Natasha
  1957 | D:2      | Killed Natasha
  1958 | D:2      | Reached XP level 7. HP: 12/41 MP: 7/7
  2225 | D:2      | Reached *** piety under Trog
  2387 | D:3      | Found a bloodstained altar of Trog.
  2397 | D:3      | Found a shimmering blue altar of Sif Muna.
  2486 | D:3      | Noticed Grinder
  2490 | D:3      | Killed Grinder
  2491 | D:3      | Reached skill level 5 in Stealth
  2637 | D:3      | Noticed Ijyb
  2641 | D:3      | Killed Ijyb
  3212 | D:3      | Reached **** piety under Trog
  3267 | D:3      | Reached XP level 8. HP: 46/46 MP: 8/8
  4346 | D:5      | Entered Level 5 of the Dungeon
  4392 | D:5      | Identified the ring "Heceifui" {rElec AC+4 Int+2 Dex-2}
  4453 | D:5      | Found a shadowy altar of Dithmenos.
  4589 | D:5      | Reached XP level 9. HP: 52/52 MP: 9/9
  4663 | D:5      | Found a snail-covered altar of Cheibriados.
  4820 | D:5      | Reached skill level 5 in Fighting
  5129 | D:5      | Found a stormy altar of Qazlal.
  5380 | D:6      | Noticed Menkaure
  5389 | D:6      | Killed Menkaure
  5390 | D:6      | Reached skill level 10 in Stealth
  5641 | D:6      | Noticed Prince Ribbit
  6104 | D:6      | Reached XP level 10. HP: 19/60 MP: 10/10
  6966 | D:7      | Reached ***** piety under Trog
  6967 | D:7      | Reached skill level 10 in Short Blades
  6967 | D:7      | Found a staircase to the Ecumenical Temple.
  7017 | Temple   | Entered the Ecumenical Temple
  7444 | D:8      | Noticed Maggie
  7448 | D:8      | Killed Maggie
  7593 | D:8      | Found a staircase to the Lair.
  7770 | D:2      | Bought a pair of transparent gloves for 266 gold pieces
  7770 | D:2      | Identified the +2 pair of gloves "Vifokh" {Int+4} (You
                  | bought it in a shop on level 2 of the Dungeon)
  8162 | D:8      | Noticed Erica
  8171 | D:8      | Killed Erica
  8476 | Lair:1   | Entered Level 1 of the Lair of Beasts
  8482 | Lair:1   | Noticed a four-headed hydra
  8483 | Lair:1   | Noticed a komodo dragon
  8494 | Lair:1   | Killed a one-headed hydra
  8495 | Lair:1   | Reached XP level 11. HP: 68/68 MP: 11/11
  8497 | Lair:1   | Reached skill level 10 in Dodging
  8577 | D:9      | Found Wabigac's Distillery.
  8577 | D:9      | Found Ebuynaump's Book Boutique.
  8581 | D:9      | Found Veseeg's Armour Boutique.
  8629 | D:9      | Found Odduusm's Distillery.
  9364 | D:9      | Noticed Erolcha
  9368 | D:9      | Killed Erolcha
  9432 | D:9      | Paralysed by a hornet for 3 turns
  9472 | D:9      | Noticed a cyclops
  9647 | D:9      | Reached XP level 12. HP: 66/76 MP: 12/12
 10239 | D:9      | Noticed an eight-headed hydra
 10243 | D:9      | Slain by an eight-headed hydra

Illustrated notes

Levels and vault maps discovered:
D:1:      psy_arrival_spokes, layout_loops_ring, ebering_ecumenical_altar_box,
          minmay_close_crescents
D:2:      minmay_chambers_of_ones, layout_loops_cross, serial_shops, shop,
          minmay_divided_ellipse, uniq_jessica, uniq_natasha, uniq_sigmund
D:3:      layout_loops_corners, nzn_overflow_gifts_of_might_and_magic,
          kennysheep_path_1, uniq_grinder, uniq_ijyb
D:4:      layout_loops_corners
D:5:      layout_basic, nicolae_dithmenos_shadow_blocks, chei_slow_surprise,
          mainiacjoe_overflow_surrounded_room, minmay_manual_moon
D:6:      layout_rooms, uniq_menkaure, uniq_prince_ribbit1
D:7:      layout_cave_pools, minmay_temple_entry_overgrown
D:8:      layout_gridville, dpeg_oklobed_lair, chequers_serial_rivers_small_b,
          uniq_erica, uniq_maggie
D:9:      hangedman_cross_cluster, layout_irregular_city,
          minmay_shop_grid_forest, lemuel_flamethrower_1, uniq_erolcha
Temple:   nicolae_temple_x_marks_the_god
Lair:1:   layout_roguey, beast_lair_carwin_8, grunt_megastairs_3

Skill      XL: |  1  2  3  4  5  6  7  8  9 10 11 12 |
---------------+-------------------------------------+-----
Dodging        | 5 6 7 9 11 12 | 12.0
Fighting       | 3 4 6 7 9 |  9.6
Short Blades   | 5 6 7 9 10 11 | 11.4
Armour         | 1 2 3 4 |  4.1
Stealth        | 1 3 6 8 10 11 12 | 12.7
Throwing       | |  2.4
Unarmed Combat | |  0.3

Action                   |  1- 3 |  4- 6 |  7- 9 | 10-12 || total
-------------------------+-------+-------+-------+-------++-------
Melee: Rapier            |    47 |    44 |   130 |   160 ||   381
       Dagger            |       |    59 |   190 |   295 ||   544
       Unarmed           |       |    12 |       |       ||    12
       Punch             |       |       |     1 |       ||     1
       Scimitar          |       |       |       |    20 ||    20
Invok: Berserk           |     1 |     1 |     4 |     7 ||    13
       Trog's Hand       |       |       |       |     1 ||     1
  Use: Scroll            |       |       |       |     2 ||     2
 Stab: Distracted        |     1 |     1 |     3 |       ||     5
       Sleeping          |     2 |    19 |    37 |    25 ||    83
Armor: Leather armour    |     7 |    12 |    56 |    50 ||   125
       Robe              |       |       |       |    26 ||    26
Dodge: Dodged            |    33 |    65 |   245 |   430 ||   773
       Rpst.: Scimitar   |       |       |       |     5 ||     5
